 Dungeon Crawl Stone Soup version 0.17.1-3-g152610e (webtiles) character file.

102 Chiseanne the Sneak (level 4, -6/23 HPs)
             Began as a Spriggan Assassin on Mar 3, 2016.
             Mangled by Malhgor's ghost (10 damage)
             ... on level 3 of the Dungeon.
             The game lasted 00:05:53 (2097 turns).

Chiseanne the Sneak (Spriggan Assassin)             Turns: 2097, Time: 00:05:54

Health: -6/23      AC:  3    Str:  7    XL:     4   Next: 49%
Magic:  5/5        EV: 20    Int: 12    God:
Gold:   188        SH:  0    Dex: 18    Spells: 0 memorised, 3 levels left

rFire  . . .     SeeInvis +     s - +0 dagger (flame)
rCold  . . .     Clarity  .     c - +0 robe
rNeg   . . .     SustAt   .     (shield restricted)
rPois  .         Gourm    .     (helmet restricted)
rElec  .         Spirit   .     d - +0 cloak
rCorr  .         Warding  .     (gloves unavailable)
rMut   .         Stasis   .     (boots unavailable)
MR     .....                    (no amulet)
Stlth  ++++......               (no ring)
                                (no ring)

@: very quick, not resistant to hostile enchantments, stealthy
A: unfitting armour, see invisible, herbivore 3, speed 3, slow metabolism 2
a: no special abilities


You were on level 3 of the Dungeon.
You were not hungry.

You visited 1 branch of the dungeon, and saw 3 of its levels.

You collected 188 gold pieces.

Inventory:

Hand Weapons
 a - a +4 dagger
 s - a +0 dagger of flaming (weapon)
 w - a +0 blowgun
Missiles
 b - 7 sling bullets
 e - 8 poisoned needles
 f - 2 curare-tipped needles
 l - a throwing net (quivered)
 q - 22 poisoned arrows
Armour
 c - a +0 robe (worn)
 d - a +0 cloak (worn)
Wands
 m - a wand of polymorph (22)
Scrolls
 k - 2 scrolls of teleportation
Potions
 h - a potion of cure mutation
 i - a potion of curing
 j - a potion of heal wounds
Comestibles
 g - a bread ration


   Skills:
 * Level 2.4 Fighting
 - Level 2.1 Short Blades
 - Level 2.0 Throwing
 * Level 4.4 Dodging
 * Level 6.8 Stealth


You had 3 spell levels left.
You didn't know any spells.

Dungeon Overview and Level Annotations

Branches:
Dungeon (3/15)

Altars:

Annotations:
D:3 Grinder; Malhgor's ghost, amateur HOGl


Innate Abilities, Weirdness & Mutations

You are tiny and cannot use many weapons and most armour.
You have supernaturally acute eyesight.
You are a herbivore.
You cover ground extremely quickly.
You need consume almost no food.


Message History

Grinder gestures.
Grinder blinks!
Malhgor's ghost closely misses you.
You see here a throwing net.
You see here a throwing net.
l - a throwing net Grinder gestures at you.
You suddenly lose the ability to move!
Malhgor's ghost barely misses you. Malhgor's ghost hits you!
Grinder gestures at you.
You struggle to resist.
You can move again.
Malhgor's ghost barely misses you.
There is a stone staircase leading up here.
Malhgor's ghost hits you!
Ouch! That really hurt!
* * * LOW HITPOINT WARNING * * *
You hit Malhgor's ghost but do no damage.
Malhgor's ghost hits you!
You die...

* *,*,$<*#........#
***,**#.##).......# *,,,*
#.##........# *,***
#.##........# ### *.#
#.##........# ##.##**#.*
#...........# #...#*..,*
#..#........#
#...#*.#*#####.W.........#
#...##.###...#.#@........#
....#..##.(..5.#<.######.#
.#....#*#...W.###.# #.#
.##..## #)....# #.# #.#
###..####.....# #.# #.#
#.....##...## #.# #.#
##.......### #.# ##.#
#...##.### #.# #..#
#.#.##.)### #.# #.##


You could see Malhgor's ghost.

Vanquished Creatures
  Ijyb (D:2)
  3 gnolls (D:2)
  A giant gecko (D:3)
  An orc (D:3)
  2 ball pythons (D:1)
  2 giant cockroaches
  2 goblins
  4 hobgoblins
  7 jackals
  2 bats
  2 giant newts (D:1)
  10 kobolds
  4 rats
41 creatures vanquished.

Notes
Turn   | Place    | Note
--------------------------------------------------------------
     0 | D:1      | Chiseanne the Spriggan Assassin began the quest for the Orb.
     0 | D:1      | Reached XP level 1. HP: 10/10 MP: 2/2
   186 | D:1      | Reached skill level 6 in Stealth
   291 | D:1      | Reached XP level 2. HP: 14/14 MP: 3/3
   949 | D:2      | Reached XP level 3. HP: 18/18 MP: 4/4
  1671 | D:2      | Noticed Ijyb
  1674 | D:2      | Killed Ijyb
  1674 | D:2      | Reached XP level 4. HP: 21/23 MP: 5/5
  1946 | D:3      | Noticed Grinder
  1947 | D:3      | Noticed Malhgor's ghost (amateur HOGl)
  2044 | D:3      | Paralysed by Grinder for 7 turns
  2071 | D:3      | Paralysed by Grinder for 3 turns
  2097 | D:3      | Mangled by Malhgor's ghost

Action                   |  1- 3 |  4- 6 || total
-------------------------+-------+-------++-------
Melee: Dagger            |   126 |    16 ||   142
 Fire: Blowgun           |     2 |       ||     2
Throw: Throwing net      |       |     5 ||     5
  Use: Scroll            |     8 |     4 ||    12
 Stab: Sleeping          |     5 |     5 ||    10
       Distracted        |     2 |       ||     2
